cohdb
Replays
Latest Replays
All Replays
Popular Replays
Top Player Replays
Match Explorer
How It Works
Community
CoH3 Stats
Reddit
Sign in to upload your games and track your stats! →
Sign in with Steam
Match 42653108
Unlisted
Match 42653108
Overview
Messages
Build Orders
End
Kradschützen Motorcycle Team
Panzerpioneer Squad
Selects Italian Infantry
Panzergrenadier Squad
250 Light Carrier
Construct Light Support Kompanie
Selects Defensive Operations
Fire Support Elements
Combat Half-tracks
Assault Mechanized Group
Flakvierling Half-track
Selects Guastatori Squad
2.5-tonne Medical Truck
Guastatori Squad
Pak 38 Mechanized Group
Trion
Пивнуха "Артхаус"
damong97
Hanzawilhelm Longbowman of Crécy
0
0
Comments
sign in to comment!
No comments posted yet!